 Dungeon Sprint DCSS version 0.29-a0-870-g2c972031a6 (webtiles) character file.

Game seed: 7446616633774698533

67918 manyhoops the Middleweight Champion (level 15, -1/226 HPs)
             Began as a Human Berserker on July 17, 2022.
             Was the Champion of Trog.
             Succumbed to Gloorx Vloq's poison arrow
             ... in the Dungeon (Sprint II: "The Violet Keep of Menkaure").
             The game lasted 00:26:40 (3765 turns).

manyhoops the Middleweight Champion (HuBe)          Turns: 3765, Time: 00:26:41

Health: -1/226     AC: 37    Str: 24    XL:     15   Next: 68%
Magic:  15/15      EV:  9    Int:  8    God:    Trog [******]
Gold:   6593       SH:  0    Dex: 13    Spells: 14/14 levels left

rFire   + . .      SeeInvis .     - Unarmed
rCold   + + +      Faith    .   (no shield)
rNeg    + . .      Spirit   .   Q - +10 plate armour of Ugaucyat {rF+ Will+ Regen+}
rPois   +          Reflect  .   I - +0 hat {Will+}
rElec   +          Harm     .   (no cloak)
rCorr   +          Rampage  .   v - +0 pair of gloves
Will    +++..      NoTele   +   T - +3 pair of mountain boots {steadfast, rC+}
Stlth   ..........              A - amulet "Imish" {Contam Fly rElec Regen+}
HPRegen 2.07/turn               V - ring of positive energy
MPRegen 0.14/turn               y - ring "Pago" {rPois rC+ rCorr}

@: mighty, berserking, lethally poisoned (-1 -> -27), flying, slowed
A: horns 1, cold resistance 2, evolution 1
a: Renounce Religion, Berserk, Trog's Hand, Brothers in Arms


You were in the Dungeon.
You worshipped Trog.
Trog was exalted by your worship.
You visited 1 branch You collected 9744 gold pieces.
You spent 3151 gold pieces at shops.

Inventory:

Armour
 a - a +0 animal skin
 b - a +10 plate armour of ponderousness
 i - a +2 pair of boots
 v - a +0 pair of gloves (worn)
 E - +0 gold dragon scales
 F - a +1 hat
 I - a +0 hat of willpower (worn)
 Q - the +10 plate armour of Ugaucyat (worn) {rF+ Will+ Regen+}
   (You found it in the Dungeon)

   rF:        It protects you from fire.
   Regen:     It increases your rate of health regeneration.
   Will:      It increases your willpower.
 T - the +3 pair of mountain boots (worn) {steadfast, rC+}
   (You acquired it in the Dungeon)

   It prevents involuntary movement, except for blinking, teleportation, or
   banishment.
   rC:        It protects you from cold.
Jewellery
 d - the ring of Sek Luhe {rF+ rC+ MP+9 Slay+2}
   (You acquired it in the Dungeon)

   [ring of protection from fire]

   Slay:      It affects your accuracy & damage with ranged weapons and melee
   (+2).
   rF:        It protects you from fire.
   rC:        It protects you from cold.
   MP:        It affects your magic capacity (+9).
 k - a ring of magical power
 t - a ring of see invisible
 w - a ring of poison resistance
 y - the ring "Pago" (right hand) {rPois rC+ rCorr}
   (You found it in the Dungeon)

   [ring of resist corrosion]

   rC:        It protects you from cold.
   rPois:     It protects you from poison.
   rCorr:     It protects you from acid and corrosion.
 A - the amulet "Imish" (around neck) {Contam Fly rElec Regen+}
   (You bought it in a shop in the Dungeon)

   [amulet of regeneration]

   rElec:     It insulates you from electricity.
   Fly:       It grants you flight.
   Contam:    It causes magical contamination when unequipped.
   Regen:     It increases your rate of health regeneration.
 G - the ring "Exery" {rPois rF+++ Will- Str-2 Int+6}
   (You found it in the Dungeon)

   [ring of intelligence]

   Str:       It affects your strength (-2).
   Int:       It affects your intelligence (+6).
   rF:        It renders you almost immune to fire.
   rPois:     It protects you from poison.
   Will:      It decreases your willpower.
 J - an amulet of faith
 K - a +4 ring of evasion
 L - a ring of protection from cold
 M - a ring of willpower
 P - a ring of protection from cold
 R - an amulet of magic regeneration
 U - an amulet of reflection
 V - a ring of positive energy (left hand)
Scrolls
 c - 2 scrolls of summoning
 g - 3 scrolls of blinking
 j - a scroll of torment
 n - 3 scrolls of amnesia
 r - 2 scrolls of poison
 D - 2 scrolls of immolation
 H - 4 scrolls of enchant armour
 N - a scroll of identify
 O - a scroll of fear
Potions
 e - 23 potions of magic
 f - a potion of berserk rage
 h - 2 potions of haste
 m - 4 potions of curing
 o - 2 potions of brilliance
 p - 2 potions of invisibility
 q - 3 potions of lignification
 s - 10 potions of flight
 u - 3 potions of resistance
 x - 17 potions of mutation
 z - a potion of might
 B - a potion of cancellation
 C - a potion of degeneration


   Skills:
 + Level 23.7 Fighting
 + Level 23.0 Armour
 - Level 2.0 Dodging
 O Level 27 Unarmed Combat


You had 14 spell levels left.
You didn't know any spells.
Your spell library was empty.

Dungeon Overview and Level Annotations

Branches:
Dungeon (1/1)

Altars:
Cheibriados
Dithmenos
Elyvilon
Fedhas
Gozag
Hepliaklqana
Kikubaaqudgha
Makhleb
Nemelex Xobeh
Okawaru
Qazlal
Ru
Sif Muna
Trog
Uskayaw
Vehumet
Wu Jian
Xom
Yredelemnul
Zin
The Shining One
Jiyva
Lugonu

Shops:
D **!:(:?[![??==(?!=![[!*:=:[?((*[:[[*

Annotations:
D Gloorx Vloq


Innate Abilities, Weirdness & Mutations

You have a pair of small horns on your head.
Your flesh is very cold resistant. (rC++)
You have hidden genetic potential.


Message History

You feel extremely sick. Gloorx Vloq closely misses you.
Unknown command.
Unknown command.
You pummel Gloorx Vloq like a punching bag!!!
You headbutt Gloorx Vloq!
Gloorx Vloq is moderately wounded.
* * * LOW HITPOINT WARNING * * *
You feel very sick.
Gloorx Vloq hits you but does no damage.
Unknown command.
Unknown command.
You pulverise Gloorx Vloq!!!
Gloorx Vloq is moderately wounded.
* * * LOW HITPOINT WARNING * * *
You feel very sick. Gloorx Vloq gestures at you.
The poison arrow hits you but does no damage.
You are more poisoned.
Unknown command.
You punch Gloorx Vloq! You headbutt Gloorx Vloq. Your punch misses Gloorx Vloq.
Gloorx Vloq is heavily wounded.
* * * LOW HITPOINT WARNING * * *
You feel extremely sick. Gloorx Vloq hits you.
* * * LOW HITPOINT WARNING * * *
Unknown command.
Unknown command.
You hit Gloorx Vloq but do no damage. You headbutt Gloorx Vloq.
Gloorx Vloq is heavily wounded.
* * * LOW HITPOINT WARNING * * *
You feel very sick.
Gloorx Vloq calls on the powers of darkness!
You feel a surge of unholy energy.
Unknown command.
Unknown command.
You barely miss Gloorx Vloq.
You headbutt Gloorx Vloq, but do no damage.
Gloorx Vloq is heavily wounded.
You die...

##.###'###.##.§....≈≈≈≈≈≈≈≈≈≈≈§≈.
≈####.).####≈≈...).≈#'########§##
≈≈≈#..#..#≈≈≈≈≈≈≈..≈#.._._._.#≈≈≈
'#≈##...##≈≈≈§§≈§≈1≈#._._._..#≈§≈
)#≈≈##'##≈≈≈§§≈§≈≈≈§#_._._._.#≈≈§
###≈≈≈≈≈≈≈§§§§≈§≈§1≈#._._._._#≈≈≈
# #+++#+++#≈≈§≈≈§§&1#.._._._.#≈§§
###§.§§§§.##≈≈≈###≈§#..._._._#≈§≈
##≈○≈§≈§§≈○##§≈#@#§≈#...._._.#≈§≈
)≈≈.≈≈≈§≈§≈≈+≈≈#&#≈≈#....._._#≈≈§
##§°§.°§§.§##≈≈§≈§≈≈##########≈§≈
###§§≈≈.§≈###########≈≈≈≈≈≈≈≈≈≈≈§
#∩####+####≈≈≈§≈≈.###≈########≈▓▓
#....#####≈≈≈§≈≈.≈.##≈#.:.|[.#▓▓.
∩....^..'≈≈≈≈§:≈§.§.'≈#.[)|..#▓..
#######.##.§≈§≈§≈§≈####..}.|)'...
):...}#..##§..≈§≈≈#####|.....##.°


You could see Gloorx Vloq.

Vanquished Creatures
  the Lernaean hydra (D)
  A curse toe (D)
  2 golden dragons (D)
  A bone dragon (D)
  An electric golem (D)
  A hellephant (D)
  A deep elf master archer (D)
  3 quicksilver dragons (D)
  A kraken (D)
  Murray (D)
  A deep elf blademaster (D)
  Gastronok (D)
  2 sphinxes (D)
  Kirke (D)
  2 storm dragons (D)
  Roxanne (D)
  A draconian knight (D)
  A frost giant (D)
  A cacodemon (D)
  A draconian shifter (D)
  Nessos (D)
  A dire elephant (D)
  3 lorocyprocas (D)
  An iron golem (D)
  A crystal guardian (D)
  A deep elf high priest (D)
  A yaktaur captain (D)
  A great orb of eyes (D)
  2 boulder beetles (D)
  An ice dragon (D)
  A centaur warrior (D)
  An iron elemental (D)
  A death yak (D)
  2 hell hogs (D)
  Sonja (D)
  A skeletal warrior (D)
  2 death drakes (D)
  A glowing orange brain (D)
  3 sixfirhies (D)
  2 deep trolls (D)
  A harpy (D)
  3 orc sorcerers (D)
  9 shining eyes (D)
  3 manticores (D)
  An oklob plant (D)
  An elephant (D)
  3 toenail golems (D)
  An eye of devastation (D)
  A merfolk siren (D)
  An ice statue (D)
  2 cane toads (D)
  2 unseen horrors (D)
  A yaktaur (D)
  A hornet (D)
  3 slime creatures (D)
  5 polar bears (D)
  18 flying skulls (D)
  A yak (D)
  2 wyverns (D)
  A vampire mosquito (D)
  4 neqoxecs (D)
  2 redbacks (D)
  7 water moccasins (D)
  A floating eye (D)
  2 swamp drakes (D)
  3 black bears (D)
  5 necrophages (D)
  2 earth elementals (D)
  9 electric eels (D)
  4 lava snakes (D)
  A jelly (D)
  4 orc priests (D)
  An iron imp (D)
  A spectral adder (D)
  A spectral ball python (D)
  A ballistomycete spore (D)
  2 tentacles (D)
163 creatures vanquished.

Vanquished Creatures (collateral kills)
  6 shining eyes (D)
  2 yaks (D)
  9 floating eyes (D)
17 creatures vanquished.

Vanquished Creatures (others)
  A kobold demonologist (D)
  Menkaure (D)
  A water moccasin (D)
  A ballistomycete spore (D)
  20 tentacles (D)
24 creatures vanquished.

Grand Total: 204 creatures vanquished

Notes
Turn   | Place    | Note
-------+----------+-------------------------------------------
     0 | D        | manyhoops the Human Berserker began the quest for the Orb.
     0 | D        | Reached XP level 1. HP: 18/18 MP: 1/1
     1 | D        | Noticed a boulder beetle
     1 | D        | Noticed a boulder beetle
     4 | D        | Noticed a necrophage
     4 | D        | Noticed a necrophage
     4 | D        | Noticed a necrophage
     4 | D        | Noticed a necrophage
     9 | D        | Killed a necrophage
    10 | D        | Reached skill level 6 in Unarmed Combat
    10 | D        | Reached XP level 2. HP: 28/28 MP: 2/2
    10 | D        | Reached XP level 3. HP: 34/34 MP: 3/3
    10 | D        | Reached XP level 4. HP: 40/40 MP: 4/4
    10 | D        | Killed a necrophage
    11 | D        | Reached skill level 7 in Unarmed Combat
    11 | D        | Reached XP level 5. HP: 48/48 MP: 5/5
    15 | D        | Reached ** piety under Trog
    16 | D        | Reached skill level 8 in Unarmed Combat
    21 | D        | Reached skill level 9 in Unarmed Combat
    21 | D        | Reached XP level 6. HP: 57/57 MP: 6/6
    41 | D        | Killed Menkaure
    67 | D        | Noticed a neqoxec
    67 | D        | Noticed a neqoxec
    67 | D        | Noticed a neqoxec
    67 | D        | Noticed a neqoxec
    71 | D        | Killed a neqoxec
    72 | D        | Reached skill level 10 in Unarmed Combat
    72 | D        | Reached XP level 7. HP: 65/65 MP: 7/7
    74 | D        | Killed a neqoxec
    74 | D        | Reached *** piety under Trog
    75 | D        | Reached skill level 10 in Fighting
    75 | D        | Reached skill level 11 in Unarmed Combat
    80 | D        | Killed a neqoxec
    81 | D        | Reached skill level 12 in Unarmed Combat
    83 | D        | Gained mutation: You occasionally shout uncontrollably at
                  | your foes. [a neqoxec]
    84 | D        | Killed a neqoxec
    85 | D        | Reached XP level 8. HP: 75/75 MP: 8/8
   134 | D        | Noticed a merfolk siren
   141 | D        | Killed a merfolk siren
   141 | D        | Reached **** piety under Trog
   142 | D        | Reached skill level 13 in Unarmed Combat
   147 | D        | Noticed a flying skull
   147 | D        | Noticed a flying skull
   147 | D        | Noticed a flying skull
   147 | D        | Noticed a flying skull
   147 | D        | Noticed a flying skull
   147 | D        | Noticed a flying skull
   147 | D        | Noticed a flying skull
   148 | D        | Noticed a flying skull
   148 | D        | Noticed a flying skull
   148 | D        | Noticed a flying skull
   148 | D        | Noticed a flying skull
   153 | D        | Found Imuetror's Antique Weapon Shop.
   154 | D        | Found Jystrew's Antique Armour Shop.
   154 | D        | Found Egeppeq's Book Boutique.
   154 | D        | Noticed a flying skull
   155 | D        | Found Tuto's Distillery.
   155 | D        | Found Poshupuch's Antique Armour Boutique.
   155 | D        | Found Holutacuank's Armour Shop.
   155 | D        | Found Extich's Jewellery Shop.
   156 | D        | Found Vitur's Antique Weapon Boutique.
   156 | D        | Found Qeamur's Jewellery Boutique.
   156 | D        | Found Juqocen's Distillery.
   156 | D        | Noticed a cane toad
   158 | D        | Found Likuorau's Jewellery Shop.
   159 | D        | Found Moramasu's Antique Armour Boutique.
   159 | D        | Found Gicweg's Magic Scroll Shop.
   159 | D        | Noticed an oklob plant
   159 | D        | Noticed a wyvern
   159 | D        | Noticed a wyvern
   160 | D        | Found Emomp's Distillery.
   160 | D        | Found Nocam's Book Shoppe.
   160 | D        | Noticed a cane toad
   175 | D        | Noticed a great orb of eyes
   180 | D        | Bought a runed plate armour for 624 gold pieces
   339 | D        | Killed a boulder beetle
   340 | D        | Reached XP level 9. HP: 7/83 MP: 9/9
   409 | D        | Killed a boulder beetle
   429 | D        | Found a hazy altar of Hepliaklqana.
   429 | D        | Found a snail-covered altar of Cheibriados.
   431 | D        | Found a stormy altar of Qazlal.
   431 | D        | Found a viscous altar of Jiyva.
   431 | D        | Found a shadowy altar of Dithmenos.
   432 | D        | Found a sacrificial altar of Ru.
   432 | D        | Found an ancient bone altar of Kikubaaqudgha.
   432 | D        | Found a white marble altar of Elyvilon.
   448 | D        | Found a shimmering blue altar of Sif Muna.
   448 | D        | Found an ornate altar of the Wu Jian Council.
   448 | D        | Found a corrupted altar of Lugonu.
   448 | D        | Found a blossoming altar of Fedhas.
   448 | D        | Noticed a polar bear
   448 | D        | Noticed a polar bear
   449 | D        | Noticed a polar bear
   451 | D        | Noticed a yaktaur
   468 | D        | Killed a polar bear
   469 | D        | Reached skill level 14 in Unarmed Combat
   477 | D        | Killed a polar bear
   478 | D        | Reached XP level 10. HP: 67/91 MP: 10/10
   510 | D        | Paralysed by a hornet for 2 turns
   513 | D        | Killed a yaktaur
   519 | D        | Reached skill level 15 in Unarmed Combat
   521 | D        | Found a shimmering altar of Xom.
   521 | D        | Found a bloodstained altar of Trog.
   521 | D        | Found a burning altar of Makhleb.
   522 | D        | Found a glowing golden altar of the Shining One.
   522 | D        | Found a basalt altar of Yredelemnul.
   522 | D        | Found a hide-covered altar of Uskayaw.
   524 | D        | Found a glowing silver altar of Zin.
   524 | D        | Found a radiant altar of Vehumet.
   535 | D        | Noticed a kraken
   562 | D        | Reached ***** piety under Trog
   573 | D        | Found a sparkling altar of Nemelex Xobeh.
   574 | D        | Found an iron altar of Okawaru.
   574 | D        | Found an opulent altar of Gozag.
   722 | D        | Noticed a deep troll
   726 | D        | Killed a deep troll
   727 | D        | Reached skill level 16 in Unarmed Combat
   727 | D        | Noticed a deep troll
   731 | D        | Killed a deep troll
   731 | D        | Received a gift from Trog
   789 | D        | Noticed a sphinx
   795 | D        | Noticed a sphinx
   796 | D        | Killed a sphinx
   797 | D        | Reached skill level 17 in Unarmed Combat
   797 | D        | Reached XP level 11. HP: 100/100 MP: 11/11
   803 | D        | Killed a sphinx
   804 | D        | Reached skill level 18 in Unarmed Combat
   889 | D        | Killed a kraken
   890 | D        | Reached skill level 19 in Unarmed Combat
   931 | D        | Bought a pair of gloves for 103 gold pieces
   937 | D        | Bought 2 potions of heal wounds for 140 gold pieces
   940 | D        | Bought 2 potions of heal wounds for 120 gold pieces
   940 | D        | Bought a potion of lignification for 36 gold pieces
   993 | D        | Received a gift from Trog
   998 | D        | Reached skill level 20 in Unarmed Combat
  1027 | D        | Received a gift from Trog
  1032 | D        | Reached skill level 21 in Unarmed Combat
  1046 | D        | Bought a ring of poison resistance for 220 gold pieces
  1099 | D        | HP: 2/101 [poison (dark miasma)]
  1255 | D        | Received a gift from Trog
  1263 | D        | Noticed a black draconian knight
  1265 | D        | Noticed a toenail golem
  1266 | D        | Noticed a toenail golem
  1267 | D        | Noticed the 27-headed Lernaean hydra
  1279 | D        | Killed a great orb of eyes
  1280 | D        | Reached skill level 15 in Fighting
  1280 | D        | Reached XP level 12. HP: 98/109 MP: 12/12
  1315 | D        | Reached skill level 22 in Unarmed Combat
  1319 | D        | Received a gift from Trog
  1368 | D        | Killed a black draconian knight
  1433 | D        | Reached skill level 23 in Unarmed Combat
  1453 | D        | Killed the 27-headed Lernaean hydra
  1454 | D        | Reached skill level 24 in Unarmed Combat
  1464 | D        | Found Sichyl's Distillery.
  1482 | D        | Bought a potion of might for 48 gold pieces
  1482 | D        | Bought a potion of heal wounds for 60 gold pieces
  1482 | D        | Bought a potion of resistance for 120 gold pieces
  1482 | D        | Bought a potion of curing for 36 gold pieces
  1482 | D        | Bought a potion of curing for 36 gold pieces
  1482 | D        | Identified a scroll of acquirement
  1483 | D        | Acquired the ring of Sek Luhe {rF+ rC+ MP+9 Slay+2}
  1499 | D        | Identified the ring "Pago" {rPois rC+ rCorr}
  1503 | D        | Identified the +11 chain mail of Evolution {SInv}
  1507 | D        | Found Lauvvem's General Store.
  1507 | D        | Found Feigi's Book Shoppe.
  1567 | D        | Noticed Kirke
  1567 | D        | Noticed a skeletal warrior
  1568 | D        | Noticed a centaur warrior
  1568 | D        | Noticed a yaktaur captain
  1571 | D        | Noticed a sphinx
  1592 | D        | Killed Kirke
  1595 | D        | Killed a yaktaur captain
  1605 | D        | Killed a skeletal warrior
  1606 | D        | Killed a centaur warrior
  1607 | D        | Reached skill level 25 in Unarmed Combat
  1615 | D        | Noticed a hell hog
  1628 | D        | Killed a hell hog
  1629 | D        | Reached XP level 13. HP: 74/116 MP: 13/13
  1675 | D        | Received a gift from Trog
  1708 | D        | Reached ****** piety under Trog
  1750 | D        | Received a gift from Trog
  1775 | D        | Reached skill level 26 in Unarmed Combat
  1777 | D        | Lost mutation: You occasionally shout uncontrollably at
                  | your foes. [potion of mutation]
  1777 | D        | Gained mutation: You occasionally shout uncontrollably at
                  | your foes. [potion of mutation]
  1777 | D        | Gained mutation: Your body sometimes deteriorates upon
                  | taking damage. [potion of mutation]
  1778 | D        | Lost mutation: You occasionally shout uncontrollably at
                  | your foes. [potion of mutation]
  1778 | D        | Lost mutation: Your body sometimes deteriorates upon taking
                  | damage. [potion of mutation]
  1778 | D        | Gained mutation: You have large cloven feet. [potion of
                  | mutation]
  1778 | D        | Gained mutation: You are resistant to electric shocks.
                  | (rElec) [potion of mutation]
  1961 | D        | Found Mibes's General Store.
  1961 | D        | Found Wuryu's Antique Weapon Shop.
  1961 | D        | Found Xamp's Assorted Antiques.
  1961 | D        | Found Sutiruumm's Book Shoppe.
  1961 | D        | Found Siqeuk's Magic Scroll Boutique.
  1962 | D        | Found Ohaschuk's Magic Scroll Shoppe.
  1962 | D        | Found Gomubeul's Distillery.
  1962 | D        | Found Udoikagi's Assorted Antiques.
  1962 | D        | Found Tioridaa's Magic Scroll Shop.
  1962 | D        | Found Beepn's Jewellery Emporium.
  1962 | D        | Found Wefomaiffa's Book Shop.
  1962 | D        | Found Deal's Antique Weapon Shoppe.
  1969 | D        | Bought a scroll of blinking for 90 gold pieces
  1970 | D        | Bought a potion of heal wounds for 65 gold pieces
  1971 | D        | Bought the amulet "Imish" {Contam Fly rElec Regen+} for 405
                  | gold pieces
  1977 | D        | Bought an emerald potion for 15 gold pieces
  1977 | D        | Bought an amethyst potion for 15 gold pieces
  1978 | D        | Bought a scroll of blinking for 82 gold pieces
  1978 | D        | Bought a scroll of blinking for 82 gold pieces
  1978 | D        | Bought a scroll of blinking for 82 gold pieces
  1984 | D        | Bought a scroll labelled WOTIJE DUYKHLANED for 16 gold
                  | pieces
  1984 | D        | Bought a scroll of identify for 32 gold pieces
  1984 | D        | Bought a scroll of identify for 32 gold pieces
  1998 | D        | Noticed a cacodemon
  1998 | D        | Noticed a storm dragon
  2012 | D        | Killed a storm dragon
  2021 | D        | Killed a cacodemon
  2150 | D        | Received a gift from Trog
  2165 | D        | Noticed a golden dragon
  2165 | D        | Noticed a bone dragon
  2184 | D        | Killed a bone dragon
  2185 | D        | Reached skill level 27 in Unarmed Combat
  2187 | D        | Killed a golden dragon
  2188 | D        | Noticed a deep elf high priest
  2188 | D        | Noticed a frost giant
  2195 | D        | Killed a deep elf high priest
  2199 | D        | Killed a frost giant
  2199 | D        | Identified the +3 rapier "Jaes" {vorpal, Dex+4} (Trog
                  | gifted it to you in the Dungeon)
  2199 | D        | Received a gift from Trog
  2234 | D        | Noticed a golden dragon
  2243 | D        | Killed a golden dragon
  2249 | D        | Found Umusonk's Assorted Antiques.
  2249 | D        | Found Feorchia's Antique Armour Shoppe.
  2249 | D        | Found Doneeng's Antique Armour Shop.
  2249 | D        | Found Qaczos's Antique Armour Emporium.
  2249 | D        | Noticed a storm dragon
  2260 | D        | Killed a storm dragon
  2267 | D        | Bought a glowing hat for 161 gold pieces
  2267 | D        | Bought a scroll of identify for 46 gold pieces
  2328 | D        | Noticed Roxanne
  2345 | D        | Killed Roxanne
  2389 | D        | Found Nippiesipp's Magic Scroll Boutique.
  2390 | D        | Found Jont's Armour Shoppe.
  2392 | D        | Noticed Nessos
  2424 | D        | Killed Nessos
  2425 | D        | Reached XP level 14. HP: 108/135 MP: 14/14
  2435 | D        | Identified the ring "Exery" {rPois rF+++ Will- Str-2 Int+6}
  2438 | D        | Bought a scroll of enchant armour for 105 gold pieces
  2483 | D        | Noticed Gastronok
  2488 | D        | Killed Gastronok
  2501 | D        | Noticed a dire elephant
  2506 | D        | Killed a dire elephant
  2510 | D        | Received a gift from Trog
  2516 | D        | Found the +14 obsidian axe {vorpal, Mesm Drain Fly SInv}
  2532 | D        | Identified the +1 scale mail of Syndicalism {Str+5}
  2548 | D        | Acquired 1017 gold pieces
  2564 | D        | Identified the +5 swamp dragon scales "Kocs" {rPois rF-
                  | Will+ Str+5}
  2590 | D        | Identified the +7 war axe of False Hope {flame, Dex+2}
                  | (Trog gifted it to you in the Dungeon)
  2590 | D        | Received a gift from Trog
  2602 | D        | Noticed a deep elf blademaster
  2613 | D        | Killed a deep elf blademaster
  2631 | D        | Received a gift from Trog
  2671 | D        | Gained mutation: Armour fits poorly on your strangely
                  | shaped body. [a shining eye]
  2671 | D        | Gained mutation: You are clumsy. (Dex -2) [a shining eye]
  2671 | D        | Gained mutation: Your muscles are strong. (Str +4, Int/Dex
                  | -1) [a shining eye]
  2672 | D        | Gained mutation: Your spells are a little harder to cast,
                  | but a little more powerful. [a shining eye]
  2673 | D        | Lost mutation: Your spells are a little harder to cast, but
                  | a little more powerful. [a shining eye]
  2676 | D        | Paralysed by a floating eye for 4 turns
  2678 | D        | Identified the +8 quarterstaff of the Forest {vorpal, rN+}
                  | (Trog gifted it to you in the Dungeon)
  2678 | D        | Received a gift from Trog
  2682 | D        | Gained mutation: Your body sometimes deteriorates upon
                  | taking damage. [a shining eye]
  2683 | D        | Reached skill level 15 in Armour
  2683 | D        | Gained mutation: You have hidden genetic defects. [a
                  | shining eye]
  2688 | D        | Received a gift from Trog
  2704 | D        | Lost mutation: Your body sometimes deteriorates upon taking
                  | damage. [potion of mutation]
  2704 | D        | Lost mutation: Armour fits poorly on your strangely shaped
                  | body. [potion of mutation]
  2704 | D        | Gained mutation: You have a pair of small antennae on your
                  | head. [potion of mutation]
  2704 | D        | Lost mutation: You have hidden genetic defects. [potion of
                  | mutation]
  2705 | D        | Lost mutation: Your muscles are strong. (Str +4, Int/Dex
                  | -1) [potion of mutation]
  2705 | D        | Lost mutation: You have a pair of small antennae on your
                  | head. [potion of mutation]
  2705 | D        | Lost mutation: You are resistant to electric shocks.
                  | (rElec) [potion of mutation]
  2705 | D        | Gained mutation: You occasionally lose the ability to drink
                  | potions when taking damage. [potion of mutation]
  2706 | D        | Lost mutation: You occasionally lose the ability to drink
                  | potions when taking damage. [potion of mutation]
  2706 | D        | Lost mutation: You are clumsy. (Dex -2) [potion of
                  | mutation]
  2706 | D        | Gained mutation: You have a pair of small antennae on your
                  | head. [potion of mutation]
  2706 | D        | Gained mutation: You are partially covered in iridescent
                  | scales. (AC +2) [potion of mutation]
  2706 | D        | Gained mutation: You occasionally lose the ability to read
                  | scrolls when taking damage. [potion of mutation]
  2707 | D        | Lost mutation: You are partially covered in iridescent
                  | scales. (AC +2) [potion of mutation]
  2707 | D        | Lost mutation: You have large cloven feet. [potion of
                  | mutation]
  2707 | D        | Lost mutation: You occasionally lose the ability to read
                  | scrolls when taking damage. [potion of mutation]
  2707 | D        | Gained mutation: You do not regenerate when monsters are
                  | visible. [potion of mutation]
  2707 | D        | Gained mutation: You are clumsy. (Dex -2) [potion of
                  | mutation]
  2707 | D        | Gained mutation: You are strong-willed. (Will+) [potion of
                  | mutation]
  2707 | D        | Gained mutation: Your flesh is cold resistant. (rC+)
                  | [potion of mutation]
  2708 | D        | Lost mutation: You do not regenerate when monsters are
                  | visible. [potion of mutation]
  2708 | D        | Lost mutation: You have a pair of small antennae on your
                  | head. [potion of mutation]
  2708 | D        | Lost mutation: Your flesh is cold resistant. (rC+) [potion
                  | of mutation]
  2708 | D        | Gained mutation: You expend magic power (3 MP) to
                  | strengthen your wands. [potion of mutation]
  2708 | D        | Gained mutation: You are somewhat resistant to further
                  | mutation. [potion of mutation]
  2709 | D        | Lost mutation: You are strong-willed. (Will+) [potion of
                  | mutation]
  2709 | D        | Lost mutation: You are somewhat resistant to further
                  | mutation. [potion of mutation]
  2709 | D        | Lost mutation: You expend magic power (3 MP) to strengthen
                  | your wands. [potion of mutation]
  2709 | D        | Gained mutation: You have hidden genetic defects. [potion
                  | of mutation]
  2709 | D        | Lost mutation: You are clumsy. (Dex -2) [potion of
                  | mutation]
  2709 | D        | Gained mutation: You are weak. (Str -2) [potion of
                  | mutation]
  2709 | D        | Gained mutation: Your flesh is cold resistant. (rC+)
                  | [potion of mutation]
  2710 | D        | Lost mutation: You are weak. (Str -2) [potion of mutation]
  2710 | D        | Lost mutation: Your flesh is cold resistant. (rC+) [potion
                  | of mutation]
  2710 | D        | Gained mutation: Your body sometimes deteriorates upon
                  | taking damage. [potion of mutation]
  2711 | D        | Lost mutation: You have hidden genetic defects. [potion of
                  | mutation]
  2711 | D        | Lost mutation: Your body sometimes deteriorates upon taking
                  | damage. [potion of mutation]
  2711 | D        | Gained mutation: You are partially covered in iridescent
                  | scales. (AC +2) [potion of mutation]
  2711 | D        | Lost mutation: You are partially covered in iridescent
                  | scales. (AC +2) [potion of mutation]
  2712 | D        | Gained mutation: You occasionally lose the ability to read
                  | scrolls when taking damage. [potion of mutation]
  2712 | D        | Gained mutation: You are strong-willed. (Will+) [potion of
                  | mutation]
  2712 | D        | Gained mutation: You have supernaturally acute eyesight.
                  | (SInv) [potion of mutation]
  2713 | D        | Lost mutation: You are strong-willed. (Will+) [potion of
                  | mutation]
  2713 | D        | Lost mutation: You occasionally lose the ability to read
                  | scrolls when taking damage. [potion of mutation]
  2713 | D        | Gained mutation: You have large cloven feet. [potion of
                  | mutation]
  2713 | D        | Gained mutation: You passively map a small area around you.
                  | [potion of mutation]
  2713 | D        | Gained mutation: You possess an exceptional clarity of
                  | mind. [potion of mutation]
  2828 | D        | Noticed a lorocyproca
  2836 | D        | Killed a lorocyproca
  2854 | D        | Noticed a quicksilver dragon
  2854 | D        | Noticed a lorocyproca
  2857 | D        | Killed a quicksilver dragon
  2863 | D        | Killed a lorocyproca
  2905 | D        | Noticed a quicksilver dragon
  2905 | D        | Noticed a lorocyproca
  2910 | D        | Killed a quicksilver dragon
  2910 | D        | Received a gift from Trog
  2916 | D        | Killed a lorocyproca
  2943 | D        | Noticed a quicksilver dragon
  2952 | D        | Killed a quicksilver dragon
  2969 | D        | Noticed Murray
  2991 | D        | Killed Murray
  2992 | D        | Reached XP level 15. HP: 72/148 MP: 15/15
  3062 | D        | Noticed Sonja
  3062 | D        | Noticed a hellephant
  3065 | D        | Killed Sonja
  3108 | D        | Killed a hellephant
  3108 | D        | Received a gift from Trog
  3139 | D        | Noticed a purple draconian shifter
  3144 | D        | Killed a purple draconian shifter
  3230 | D        | Received a gift from Trog
  3263 | D        | Gained mutation: Your body sometimes deteriorates upon
                  | taking damage. [a shining eye]
  3272 | D        | Noticed a deep elf master archer
  3296 | D        | Killed a deep elf master archer
  3347 | D        | Received a gift from Trog
  3382 | D        | Identified the +10 plate armour of Ugaucyat {rF+ Will+
                  | Regen+}
  3408 | D        | Acquired the +3 pair of mountain boots {steadfast, rC+}
  3408 | D        | Found the +3 pair of mountain boots {steadfast, rC+}
  3420 | D        | Acquired 964 gold pieces
  3422 | D        | Acquired 1092 gold pieces
  3424 | D        | Acquired 497 gold pieces
  3435 | D        | Noticed an electric golem
  3447 | D        | Killed an electric golem
  3459 | D        | Received a gift from Trog
  3587 | D        | Bought a potion of resistance for 100 gold pieces
  3590 | D        | Lost mutation: You possess an exceptional clarity of mind.
                  | [potion of mutation]
  3590 | D        | Lost mutation: You have supernaturally acute eyesight.
                  | (SInv) [potion of mutation]
  3590 | D        | Gained mutation: Potions are less effective at restoring
                  | your health. [potion of mutation]
  3590 | D        | Gained mutation: You have hoof-like feet. [potion of
                  | mutation]
  3591 | D        | Lost mutation: You passively map a small area around you.
                  | [potion of mutation]
  3591 | D        | Lost mutation: Potions are less effective at restoring your
                  | health. [potion of mutation]
  3591 | D        | Gained mutation: You expend magic power (3 MP) to
                  | strengthen your wands. [potion of mutation]
  3592 | D        | Lost mutation: Your body sometimes deteriorates upon taking
                  | damage. [potion of mutation]
  3592 | D        | Lost mutation: You expend magic power (3 MP) to strengthen
                  | your wands. [potion of mutation]
  3592 | D        | Lost mutation: You have hoof-like feet. [potion of
                  | mutation]
  3592 | D        | Gained mutation: You are dopey. (Int -2) [potion of
                  | mutation]
  3593 | D        | Lost mutation: You have large cloven feet. [potion of
                  | mutation]
  3593 | D        | Lost mutation: You are dopey. (Int -2) [potion of mutation]
  3593 | D        | Gained mutation: You occasionally lose the ability to read
                  | scrolls when taking damage. [potion of mutation]
  3593 | D        | Gained mutation: You possess an exceptional clarity of
                  | mind. [potion of mutation]
  3594 | D        | Lost mutation: You occasionally lose the ability to read
                  | scrolls when taking damage. [potion of mutation]
  3594 | D        | Lost mutation: You possess an exceptional clarity of mind.
                  | [potion of mutation]
  3594 | D        | Gained mutation: You have hidden genetic potential. [potion
                  | of mutation]
  3594 | D        | Gained mutation: Your flesh is heat resistant. (rF+)
                  | [potion of mutation]
  3594 | D        | Gained mutation: You occasionally lose the ability to drink
                  | potions when taking damage. [potion of mutation]
  3594 | D        | Gained mutation: You have a pair of small antennae on your
                  | head. [potion of mutation]
  3595 | D        | Lost mutation: You have a pair of small antennae on your
                  | head. [potion of mutation]
  3595 | D        | Lost mutation: Your flesh is heat resistant. (rF+) [potion
                  | of mutation]
  3595 | D        | Gained mutation: You have a pair of small horns on your
                  | head. [potion of mutation]
  3595 | D        | Gained mutation: Potions are less effective at restoring
                  | your health. [potion of mutation]
  3595 | D        | Gained mutation: Your magical capacity is low. (-10% MP)
                  | [potion of mutation]
  3596 | D        | Lost mutation: Your magical capacity is low. (-10% MP)
                  | [potion of mutation]
  3596 | D        | Lost mutation: Potions are less effective at restoring your
                  | health. [potion of mutation]
  3596 | D        | Lost mutation: You occasionally lose the ability to drink
                  | potions when taking damage. [potion of mutation]
  3596 | D        | Gained mutation: Your flesh is cold resistant. (rC+)
                  | [potion of mutation]
  3596 | D        | Gained mutation: Your flesh is very cold resistant. (rC++)
                  | [potion of mutation]
  3609 | D        | Bought a ring of positive energy for 280 gold pieces
  3668 | D        | Noticed Gloorx Vloq
  3668 | D        | Noticed a royal mummy
  3668 | D        | Noticed a curse toe
  3722 | D        | Killed a curse toe
  3741 | D        | Noticed an Executioner
  3741 | D        | Noticed an Executioner
  3741 | D        | Noticed an Executioner
  3741 | D        | Noticed an Executioner
  3763 | D        | HP: 8/226 [Gloorx Vloq (4)]
  3764 | D        | HP: 3/226 [poisoned by Gloorx Vloq (poison arrow)]
  3765 | D        | Succumbed to Gloorx Vloq's poison arrow

Illustrated notes

Levels and vault maps discovered:
D:        the_violet_keep_of_menkaure [sprint2_stairs_cluster_1,
          sprint2_shoproom, sprint2_temple, sprint2_basic_supplies,
          sprint2_obstacle_1, sprint2_obstacle_6, sprint2_obstacle_5,
          sprint2_obstacle_7, sprint2_obstacle_2, sprint2_timed_cluster_1,
          sprint2_smallroom_cluster_1, sprint2_smallroom_final_cluster_1,
          sprint2_transparent_cluster_1, sprint2_second_timed_cluster_1,
          sprint2_sniper_area_1, sprint2_heavy_combat_area_1,
          sprint2_mutation_trap_area_1, sprint2_forest_area_1,
          sprint2_light_combat_area_1, sprint2_behind_water_1,
          sprint2_near_end_vault_1]

Skill      XL: |  1  2  3  4  5  6  7  8  9 10 11 12 13 14 15 |
---------------+----------------------------------------------+-----
Fighting       | 6 7 8 9 11 12 14 15 20 22 23 | 23.7
Unarmed Combat | 6 7 9 10 12 13 14 17 21 25 27 | 27.0
Armour         | 8 11 18 23 | 23.0
Dodging        | |  2.0

Action                   |  1- 3 |  4- 6 |  7- 9 | 10-12 | 13-15 || total
-------------------------+-------+-------+-------+-------+-------++-------
Melee: Unarmed           |     4 |    13 |    68 |   231 |   336 ||   652
       Punch             |     1 |     1 |     6 |    20 |    65 ||    93
       Headbutt          |       |       |       |       |     7 ||     7
Invok: Berserk           |     1 |     1 |     4 |    10 |    12 ||    28
       Trog's Hand       |       |       |     7 |    14 |    15 ||    36
       Brothers in Arms  |       |       |       |     3 |     8 ||    11
  Use: Potion            |       |       |     2 |    11 |    27 ||    40
       Scroll            |       |       |       |     8 |    15 ||    23
 Stab: Distracted        |       |       |       |       |     3 ||     3
Armor: Plate armour      |       |       |    28 |   148 |   192 ||   368
Dodge: Dodged            |     1 |     5 |    17 |    71 |    70 ||   164

Table legend: (Time is in decaauts)
 A = Elapsed time spent in this place.
 B = Non-inter-level travel time spent in this place.
 C = Inter-level travel time spent in this place.
 D = Time resting spent in this place.
 E = Time spent auto-exploring this place.
 F = Levels seen in this place.
 G = Mean time per level.
                   A        B        C        D        E       F      G
               +--------+--------+--------+--------+--------+-----+--------+
         Total |   3937 |   3935 |      2 |   1183 |     79 |   1 | 3937.0 |
       Dungeon |   3937 |   3935 |      2 |   1183 |     79 |   1 | 3937.0 |
               +--------+--------+--------+--------+--------+-----+--------+

Top non-repeatable levels by time:
       D: 3937 daAuts
